Pick #1

Connor Bedard
Pick #2

Leo Carlsson
Pick #3

Adam Fantilli
Pick #4

Matvei Michkov
Pick #5

David Reinbacher
Pick #6

William Smith
Pick #7

Zachary Benson
Pick #8

Ryan Leonard
Pick #9

Gabriel Perreault
Pick #10

Axel Sandin-Pellika
Pick #11

Daniil But
Pick #12

Dalibor Dvorsky
Pick #13

Quentin Musty
Pick #14

Brayden Yager
Pick #15

Dmitry Simashev
Pick #16

Colby Barlow
Pick #17

Andrew Cristall
Pick #18

Easton Cowan
Pick #19

Jacob Fowler
Pick #20

Oliver Moore
Pick #21

Oliver Bonk
Pick #22

Tom Willander
Pick #23

Calum Ritchie
Pick #24

Tanner Molendyk
Pick #25

Gavin Brindley
Pick #26

Nate Danielson
Pick #27

Pick #28

Pick #29

Pick #30

Pick #31

Pick #32

Pick #33

Pick #34

Pick #35

Pick #36

Pick #37

Pick #38

Pick #39

Pick #40

Pick #41

Pick #42

Pick #43

Pick #44

Pick #45

Pick #46

Pick #47

Pick #48

Pick #49

Pick #50

Pick #51

Pick #52

Pick #53

Pick #54

Pick #55

Pick #56

Pick #57

Pick #58

Pick #59

Pick #60

Pick #61

Pick #62

Pick #63

Pick #64

Pick #65

Pick #66

Pick #67

Pick #68

Pick #69

Pick #70

Pick #71

Pick #72

Pick #73

Pick #74

Pick #75

Pick #76

Pick #77

Pick #78

Pick #79

Pick #80

Pick #81

Pick #82

Pick #83

Pick #84

Pick #85

Pick #86

Pick #87

Pick #88

Pick #89

Pick #90

Pick #91

Pick #92

Pick #93

Pick #94

Pick #95

Pick #96

Pick #97

Pick #98

Pick #99

Pick #100

Pick #101

Pick #102

Pick #103

Pick #104

Pick #105

Pick #106

Pick #107

Pick #108

Pick #109

Pick #110

Pick #111

Pick #112

Pick #113

Pick #114

Pick #115

Pick #116

Pick #117

Pick #118

Pick #119

Pick #120

Pick #121

Pick #122

Pick #123

Pick #124

Pick #125

Pick #126

Pick #127

Pick #128

Pick #129

Pick #130

Full Scoreboard »»

Ducks vs Golden Knights

Created - March 6, 2024 at 21:21

Goals
1 2 3 OT1 T
Ducks 0 1 1 1 3
Golden Knights 1 0 1 0 2
Shots
1 2 3 OT1 T
Ducks 8 6 11 2 27
Golden Knights 8 5 10 2 25

GoalsPenalties
1st period
1. Golden Knights , Tomas Hertl 20 (Travis Hamonic 12) at 11:30
Rasmus Dahlin (ANA) for High sticking (Minor) at 2:01
Rasmus Dahlin (ANA) for Hooking (Minor) at 7:25
Travis Hamonic (VGK) for Hooking (Minor) at 13:19
2nd period
2. Ducks , Rasmus Dahlin 11 (Claude Giroux 12) at 2:06
No Penalty
3rd period
3. Golden Knights , Marcus Foligno 10 (Jack Roslovic 11, Jakob Chychrun 31) at 4:54
4. Ducks , Michael Amadio 2 (Patrick Kane 22, Adam Fox 46) at 19:09 (PP)
Travis Hamonic (VGK) for Hooking (Minor) at 8:08
Jakob Chychrun (VGK) for Holding (Minor) at 13:25
Marcus Foligno (VGK) for Holding (Minor) at 17:31
Overtime #1
5. Ducks , Zach Hyman 19 (Moritz Seider 33, Patrick Kane 23) at 3:56
No Penalty
Goalie Stats
Frederik Andersen (ANA), 23 saves from 25 shots - (0.920), W, 38-22-5, 63:49 minutes
Ilya Samsonov (VGK), 24 saves from 27 shots - (0.889), OTL, 29-24-8, 63:57 minutes
3 StarsOfficial
1 - Zach Hyman (ANA)
2 - Michael Amadio (ANA)
3 - Patrick Kane (ANA)
Referees : Wes McCauley and Jim Curtin
Linesman : Luke Galvin and Brendan Lewis
Game Note
No Game Note
Finance
Level 1 -- Attendance: 6500 (100.00%) -- Ticket Income $715,000
Level 2 -- Attendance: 4724 (94.48%) -- Ticket Income $387,368
Level 3 -- Attendance: 3357 (95.91%) -- Ticket Income $211,491
Level 4 -- Attendance: 2882 (81.48%) -- Ticket Income $57,640
Luxury Box -- Attendance: 976 (97.60%) -- Ticket Income $219,600
Game was played at the T-Mobile Arena.
Total Attendance: 18439 (94.38%)
Total Ticket Income: $1,591,099
Other Income: $397,775
Total Income: $1,988,874



Team Name Goals Shots Shots Attemp Shots Blocked PIM HIT PP PK FO%
Ducks 3276464241 / 4 (25%)049%
Golden Knights 2254768220 / 2 (0%)151%

Ducks
Player Name POS G A P +/- PIM HIT SHT SB MP PP MP PP SHT PK MP PK SHT FO% FOT
Adam FoxD0110001326:033:4802:2900% 0
Adrian KempeRW0000025021:404:0131:14050% 2
Brayden McNabbD0000010016:370:0001:3000% 0
Claude GirouxRW0110014018:310:0000:00050% 2
Jason RobertsonLW0000013024:353:3411:46050% 4
Joe PavelskiC000000000:240:0000:2400% 0
Mats ZuccarelloRW000-1000016:250:0000:00025% 8
Michael AmadioRW1010011010:323:3411:46013% 8
Moritz SeiderD0110021021:213:4712:1400% 0
Nikolaj EhlersLW000000005:120:0000:0000% 0
Patrick KaneRW0220002017:473:3412:34056% 9
Phillip DanaultC0000003018:594:0110:00070% 20
Pierre-Luc DuboisLW000-1031011:250:0000:120100% 1
Rasmus DahlinD1010443124:163:4810:0000% 0
Ryan McDonaghD0000000015:310:0000:2400% 0
Tyson BarrieD000-1021120:073:4701:1900% 0
Zach HymanLW1011002019:184:0100:00050% 2
Zack MacEwenC0000070119:080:0000:00046% 26
Golden Knights
Player Name POS G A P +/- PIM HIT SHT SB MP PP MP PP SHT PK MP PK SHT FO% FOT
Adam BoqvistD0000010118:290:0003:5700% 0
Artemi PanarinLW0000013019:261:5600:090100% 1
Derek GrantC0000020010:440:0004:11013% 8
Jack RoslovicC011-1002013:492:0200:00057% 14
Jake EvansC0000010010:130:1603:24047% 15
Jakob ChychrunD0112212020:372:0223:0000% 0
Kirby DachC0000021018:051:4600:0000% 0
Marcus FolignoLW1010241013:270:0002:53033% 3
Mark StoneRW0001001018:451:5600:0000% 0
Miro HeiskanenD000-1031024:551:4103:3800% 0
Nathan MacKinnonC0000013019:261:5600:00067% 18
Rafael Harvey-PinardLW0000002010:350:0000:0000% 0
Sean WalkerD0000030015:180:0000:4600% 0
T.J. OshieRW0001011017:022:0200:0000% 1
Tomas HertlC1010017019:361:5610:00055% 22
Travis HamonicD0112400015:510:2100:1100% 0
Vladislav NamestnikovC0000011011:060:0004:3300% 0
Zach WerenskiD000-2000526:481:5603:3800% 0



Play-by-Play

1st period


0:01 of 1st period - Nathan MacKinnon wins face-off versus Zack MacEwen in neutral zone.
0:32 of 1st period - Icing by Miro Heiskanen.
0:33 of 1st period - Nathan MacKinnon wins face-off versus Phillip Danault in Golden Knights zone.
0:48 of 1st period - Icing by Moritz Seider.
0:49 of 1st period - Phillip Danault wins face-off versus Tomas Hertl in Ducks zone.
0:49 of 1st period - Phillip Danault is hit by Tomas Hertl.
1:01 of 1st period - Shot by Adrian Kempe.
1:01 of 1st period - Stopped by Ilya Samsonov without a rebound.
1:02 of 1st period - Jack Roslovic wins face-off versus Mats Zuccarello in Golden Knights zone.
1:18 of 1st period - Patrick Kane is hit by Adam Boqvist and loses puck.
1:21 of 1st period - Shot by Ryan McDonagh.
1:21 of 1st period - Shot Misses the Net.
1:25 of 1st period - Shot by Pierre-Luc Dubois.
1:25 of 1st period - Shot Misses the Net.
1:53 of 1st period - Icing by Adam Boqvist.
1:54 of 1st period - Jack Roslovic wins face-off versus Zack MacEwen in Golden Knights zone.
1:54 of 1st period - Jack Roslovic is hit by Zack MacEwen.
2:01 of 1st period - Minor Penalty to Rasmus Dahlin for High sticking.
2:02 of 1st period - Tomas Hertl wins face-off versus Patrick Kane in Ducks zone.
2:17 of 1st period - Shot by Artemi Panarin.
2:17 of 1st period - Shot Hit the Post.
2:19 of 1st period - Shot by Tomas Hertl.
2:19 of 1st period - Stopped by Frederik Andersen without a rebound.
2:20 of 1st period - Jason Robertson wins face-off versus Jack Roslovic in Ducks zone.
2:36 of 1st period - Off-side.
2:37 of 1st period - Tomas Hertl wins face-off versus Jason Robertson in neutral zone.
2:50 of 1st period - Shot by Nathan MacKinnon.
2:50 of 1st period - Shot Misses the Net.
3:06 of 1st period - Patrick Kane is hit by Artemi Panarin and loses puck.
3:53 of 1st period - Shot by Jakob Chychrun.
3:53 of 1st period - Shot Blocked by Adam Fox.
3:55 of 1st period - Shot by Jakob Chychrun.
3:55 of 1st period - Stopped by Frederik Andersen with a rebound.
3:59 of 1st period - Shot by Jakob Chychrun.
3:59 of 1st period - Shot Misses the Net.
4:01 of 1st period - Shot by Kirby Dach.
4:01 of 1st period - Stopped by Frederik Andersen without a rebound.
4:02 of 1st period - Phillip Danault wins face-off versus Jake Evans in Ducks zone.
4:02 of 1st period - Phillip Danault is hit by Derek Grant.
4:09 of 1st period - Phillip Danault is hit by Sean Walker and loses puck.
5:27 of 1st period - Icing by Jake Evans.
5:28 of 1st period - Jake Evans wins face-off versus Michael Amadio in Golden Knights zone.
5:30 of 1st period - Icing by Sean Walker.
5:31 of 1st period - Jake Evans wins face-off versus Michael Amadio in Golden Knights zone.
5:41 of 1st period - Icing by Ryan McDonagh.
5:42 of 1st period - Tomas Hertl wins face-off versus Michael Amadio in Ducks zone.
7:12 of 1st period - Icing by Artemi Panarin.
7:13 of 1st period - Artemi Panarin wins face-off versus Zack MacEwen in Golden Knights zone.
7:13 of 1st period - Artemi Panarin is hit by Zack MacEwen.
7:25 of 1st period - Minor Penalty to Rasmus Dahlin for Hooking.
7:26 of 1st period - Jason Robertson wins face-off versus Jack Roslovic in Ducks zone.
9:03 of 1st period - Shot by Jakob Chychrun.
9:03 of 1st period - Stopped by Frederik Andersen without a rebound.
9:04 of 1st period - Jack Roslovic wins face-off versus Patrick Kane in Ducks zone.
10:02 of 1st period - Shot by Vladislav Namestnikov.
10:02 of 1st period - Stopped by Frederik Andersen without a rebound.
10:03 of 1st period - Zack MacEwen wins face-off versus Marcus Foligno in Ducks zone.
10:14 of 1st period - Shot by Jason Robertson.
10:14 of 1st period - Shot Misses the Net.
10:16 of 1st period - Shot by Brayden McNabb.
10:16 of 1st period - Shot Misses the Net.
10:22 of 1st period - Shot by Claude Giroux.
10:22 of 1st period - Shot Misses the Net.
11:04 of 1st period - Shot by Mark Stone.
11:04 of 1st period - Shot Misses the Net.
11:30 of 1st period - Shot by Tomas Hertl.
11:30 of 1st period - Goal by Tomas Hertl - Ducks : 0 - Golden Knights : 1.
11:31 of 1st period - Phillip Danault wins face-off versus Nathan MacKinnon in neutral zone.
11:58 of 1st period - Shot by Adrian Kempe.
11:58 of 1st period - Shot Misses the Net.
12:22 of 1st period - Icing by Sean Walker.
12:23 of 1st period - Zack MacEwen wins face-off versus Nathan MacKinnon in Golden Knights zone.
12:24 of 1st period - Shot by Tyson Barrie.
12:24 of 1st period - Shot Blocked by Adam Boqvist.
13:02 of 1st period - Shot by Claude Giroux.
13:02 of 1st period - Stopped by Ilya Samsonov without a rebound.
13:03 of 1st period - Mats Zuccarello wins face-off versus Tomas Hertl in Golden Knights zone.
13:13 of 1st period - Mats Zuccarello is hit by Jakob Chychrun and loses puck.
13:19 of 1st period - Minor Penalty to Travis Hamonic for Hooking.
13:20 of 1st period - Derek Grant wins face-off versus Phillip Danault in Golden Knights zone.
13:31 of 1st period - Shot by Zach Hyman.
13:31 of 1st period - Shot Misses the Net.
13:33 of 1st period - Shot by Adrian Kempe.
13:33 of 1st period - Stopped by Ilya Samsonov without a rebound.
13:34 of 1st period - Patrick Kane wins face-off versus Derek Grant in Golden Knights zone.
14:17 of 1st period - Shot by Adam Fox.
14:17 of 1st period - Shot Misses the Net.
14:44 of 1st period - Tyson Barrie is hit by Miro Heiskanen and loses puck.
16:00 of 1st period - Icing by Travis Hamonic.
16:01 of 1st period - Tomas Hertl wins face-off versus Mats Zuccarello in Golden Knights zone.
16:38 of 1st period - Shot by Pierre-Luc Dubois.
16:38 of 1st period - Shot Misses the Net.
16:40 of 1st period - Shot by Rasmus Dahlin.
16:40 of 1st period - Stopped by Ilya Samsonov without a rebound.
16:41 of 1st period - Marcus Foligno wins face-off versus Phillip Danault in Golden Knights zone.
16:51 of 1st period - Adrian Kempe is hit by Sean Walker and loses puck.
17:04 of 1st period - Shot by Zach Hyman.
17:04 of 1st period - Shot Misses the Net.
17:06 of 1st period - Shot by Tyson Barrie.
17:06 of 1st period - Stopped by Ilya Samsonov without a rebound.
17:07 of 1st period - Nathan MacKinnon wins face-off versus Michael Amadio in Golden Knights zone.
18:09 of 1st period - Icing by Sean Walker.
18:10 of 1st period - Zack MacEwen wins face-off versus Tomas Hertl in Golden Knights zone.
18:13 of 1st period - Shot by Claude Giroux.
18:13 of 1st period - Stopped by Ilya Samsonov without a rebound.
18:14 of 1st period - Tomas Hertl wins face-off versus Zack MacEwen in Golden Knights zone.
18:33 of 1st period - Shot by Tomas Hertl.
18:33 of 1st period - Stopped by Frederik Andersen without a rebound.
18:34 of 1st period - Phillip Danault wins face-off versus Jack Roslovic in Ducks zone.
18:34 of 1st period - Phillip Danault is hit by Marcus Foligno.
18:56 of 1st period - Icing by Moritz Seider.
18:57 of 1st period - Phillip Danault wins face-off versus T.J. Oshie in Ducks zone.
19:12 of 1st period - Shot by Adrian Kempe.
19:12 of 1st period - Shot Misses the Net.
19:14 of 1st period - Shot by Moritz Seider.
19:14 of 1st period - Deflect By Zach Hyman.
19:14 of 1st period - Shot Misses the Net.
19:16 of 1st period - Shot by Zach Hyman.
19:16 of 1st period - Stopped by Ilya Samsonov without a rebound.
19:17 of 1st period - Nathan MacKinnon wins face-off versus Zack MacEwen in Golden Knights zone.
19:17 of 1st period - Nathan MacKinnon is hit by Zack MacEwen.
19:31 of 1st period - Shot by Nathan MacKinnon.
19:31 of 1st period - Deflect By Artemi Panarin.
19:31 of 1st period - Stopped by Frederik Andersen without a rebound.
19:32 of 1st period - Tomas Hertl wins face-off versus Mats Zuccarello in Ducks zone.
19:49 of 1st period - Shot by Rasmus Dahlin.
19:49 of 1st period - Shot Misses the Net.
19:51 of 1st period - Shot by Adam Fox.
19:51 of 1st period - Stopped by Ilya Samsonov without a rebound.
19:52 of 1st period - Nathan MacKinnon wins face-off versus Zack MacEwen in Golden Knights zone.
Goals for this period are 0 for Ducks vs 1 for Golden Knights.
Shots for this period are 8 for Ducks vs 8 for Golden Knights.

2nd period


0:01 of 2nd period - Nathan MacKinnon wins face-off versus Claude Giroux in neutral zone.
0:24 of 2nd period - Shot by Nathan MacKinnon.
0:24 of 2nd period - Deflect By Artemi Panarin.
0:24 of 2nd period - Shot Blocked by Rasmus Dahlin.
0:26 of 2nd period - Shot by Miro Heiskanen.
0:26 of 2nd period - Shot Hit the Post.
0:28 of 2nd period - Shot by Miro Heiskanen.
0:28 of 2nd period - Stopped by Frederik Andersen without a rebound.
0:29 of 2nd period - Phillip Danault wins face-off versus Tomas Hertl in Ducks zone.
1:16 of 2nd period - Icing by Zach Hyman.
1:17 of 2nd period - Jack Roslovic wins face-off versus Adrian Kempe in Ducks zone.
1:25 of 2nd period - Icing by Zach Hyman.
1:26 of 2nd period - Zach Hyman wins face-off versus Jack Roslovic in Ducks zone.
1:49 of 2nd period - Zach Werenski is hit by Claude Giroux.
1:51 of 2nd period - Shot by Rafael Harvey-Pinard.
1:51 of 2nd period - Shot Misses the Net.
1:59 of 2nd period - Marcus Foligno is hit by Zack MacEwen and loses puck.
2:06 of 2nd period - Shot by Rasmus Dahlin.
2:06 of 2nd period - Goal by Rasmus Dahlin - Ducks : 1 - Golden Knights : 1.
2:07 of 2nd period - Nathan MacKinnon wins face-off versus Mats Zuccarello in neutral zone.
2:10 of 2nd period - Mats Zuccarello is hit by Kirby Dach and loses puck.
4:28 of 2nd period - Shot by Jack Roslovic.
4:28 of 2nd period - Stopped by Frederik Andersen without a rebound.
4:29 of 2nd period - Jake Evans wins face-off versus Mats Zuccarello in Ducks zone.
4:56 of 2nd period - Shot by Mats Zuccarello.
4:56 of 2nd period - Shot Misses the Net.
4:58 of 2nd period - Shot by Pierre-Luc Dubois.
4:58 of 2nd period - Stopped by Ilya Samsonov with a rebound.
6:04 of 2nd period - Off-side.
6:05 of 2nd period - Zack MacEwen wins face-off versus Tomas Hertl in neutral zone.
7:30 of 2nd period - Miro Heiskanen is hit by Pierre-Luc Dubois and loses puck.
8:13 of 2nd period - Ryan McDonagh is hit by Marcus Foligno and loses puck.
8:20 of 2nd period - Marcus Foligno is hit by Adrian Kempe and loses puck.
8:29 of 2nd period - Shot by Adrian Kempe.
8:29 of 2nd period - Deflect By Phillip Danault.
8:29 of 2nd period - Stopped by Ilya Samsonov without a rebound.
8:30 of 2nd period - Nathan MacKinnon wins face-off versus Michael Amadio in Golden Knights zone.
9:37 of 2nd period - Shot by Tomas Hertl.
9:37 of 2nd period - Shot Misses the Net.
9:39 of 2nd period - Shot by Tomas Hertl.
9:39 of 2nd period - Stopped by Frederik Andersen without a rebound.
9:40 of 2nd period - Zack MacEwen wins face-off versus Jake Evans in Ducks zone.
9:49 of 2nd period - Adam Boqvist is hit by Moritz Seider and loses puck.
9:58 of 2nd period - Derek Grant is hit by Zack MacEwen and loses puck.
10:06 of 2nd period - Sean Walker is hit by Zack MacEwen and loses puck.
10:24 of 2nd period - Icing by Jake Evans.
10:25 of 2nd period - Phillip Danault wins face-off versus Jake Evans in Golden Knights zone.
10:58 of 2nd period - Shot by Adrian Kempe.
10:58 of 2nd period - Stopped by Ilya Samsonov with a rebound.
11:00 of 2nd period - Shot by Adam Fox.
11:00 of 2nd period - Shot Misses the Net.
11:02 of 2nd period - Shot by Rasmus Dahlin.
11:02 of 2nd period - Shot Blocked by Zach Werenski.
11:15 of 2nd period - Artemi Panarin is hit by Rasmus Dahlin and loses puck.
11:31 of 2nd period - Icing by Miro Heiskanen.
11:32 of 2nd period - Zack MacEwen wins face-off versus Nathan MacKinnon in Golden Knights zone.
13:42 of 2nd period - Adam Fox is hit by Marcus Foligno and loses puck.
13:54 of 2nd period - Rasmus Dahlin is hit by Sean Walker and loses puck.
13:58 of 2nd period - Icing by Marcus Foligno.
13:59 of 2nd period - Jack Roslovic wins face-off versus Zack MacEwen in Golden Knights zone.
14:04 of 2nd period - Shot by Rafael Harvey-Pinard.
14:04 of 2nd period - Stopped by Frederik Andersen with a rebound.
14:06 of 2nd period - Shot by Rafael Harvey-Pinard.
14:06 of 2nd period - Stopped by Frederik Andersen without a rebound.
14:07 of 2nd period - Zack MacEwen wins face-off versus Jake Evans in Ducks zone.
14:19 of 2nd period - Moritz Seider is hit by Vladislav Namestnikov and loses puck.
15:25 of 2nd period - Shot by Pierre-Luc Dubois.
15:25 of 2nd period - Deflect By Patrick Kane.
15:25 of 2nd period - Shot Blocked by Zach Werenski.
15:55 of 2nd period - Nathan MacKinnon is hit by Pierre-Luc Dubois and loses puck.
16:42 of 2nd period - Shot by Zach Hyman.
16:42 of 2nd period - Shot Misses the Net.
16:44 of 2nd period - Shot by Adrian Kempe.
16:44 of 2nd period - Shot Misses the Net.
17:20 of 2nd period - Shot by Claude Giroux.
17:20 of 2nd period - Stopped by Ilya Samsonov with a rebound.
17:24 of 2nd period - Shot by Claude Giroux.
17:24 of 2nd period - Shot Misses the Net.
17:26 of 2nd period - Shot by Jason Robertson.
17:26 of 2nd period - Stopped by Ilya Samsonov without a rebound.
17:27 of 2nd period - Jack Roslovic wins face-off versus Michael Amadio in Golden Knights zone.
17:29 of 2nd period - Rafael Harvey-Pinard is hit by Michael Amadio and loses puck.
17:44 of 2nd period - Rafael Harvey-Pinard is hit by Rasmus Dahlin and loses puck.
18:11 of 2nd period - Shot by Jack Roslovic.
18:11 of 2nd period - Shot Misses the Net.
18:36 of 2nd period - Tomas Hertl is hit by Tyson Barrie and loses puck.
18:58 of 2nd period - Off-side.
18:59 of 2nd period - Jake Evans wins face-off versus Jason Robertson in neutral zone.
19:02 of 2nd period - Claude Giroux is hit by Jake Evans and loses puck.
Goals for this period are 1 for Ducks vs 0 for Golden Knights.
Shots for this period are 6 for Ducks vs 5 for Golden Knights.

3rd period


0:01 of 3rd period - Tomas Hertl wins face-off versus Zack MacEwen in neutral zone.
0:26 of 3rd period - Shot by Rasmus Dahlin.
0:26 of 3rd period - Shot Misses the Net.
0:28 of 3rd period - Shot by Jason Robertson.
0:28 of 3rd period - Stopped by Ilya Samsonov without a rebound.
0:29 of 3rd period - Adrian Kempe wins face-off versus Nathan MacKinnon in Golden Knights zone.
0:48 of 3rd period - Shot by Nathan MacKinnon.
0:48 of 3rd period - Shot Blocked by Tyson Barrie.
1:32 of 3rd period - Icing by Miro Heiskanen.
1:33 of 3rd period - Zack MacEwen wins face-off versus Tomas Hertl in Golden Knights zone.
1:37 of 3rd period - Jason Robertson is hit by Miro Heiskanen and loses puck.
2:43 of 3rd period - Mats Zuccarello is hit by Miro Heiskanen and loses puck.
2:46 of 3rd period - Shot by Patrick Kane.
2:46 of 3rd period - Shot Misses the Net.
3:54 of 3rd period - Shot by Jack Roslovic.
3:54 of 3rd period - Stopped by Frederik Andersen without a rebound.
3:55 of 3rd period - Nathan MacKinnon wins face-off versus Zack MacEwen in Ducks zone.
3:58 of 3rd period - Shot by Artemi Panarin.
3:58 of 3rd period - Shot Misses the Net.
4:00 of 3rd period - Shot by Artemi Panarin.
4:00 of 3rd period - Stopped by Frederik Andersen without a rebound.
4:01 of 3rd period - Zack MacEwen wins face-off versus Nathan MacKinnon in Ducks zone.
4:01 of 3rd period - Zack MacEwen is hit by Kirby Dach.
4:08 of 3rd period - Off-side.
4:09 of 3rd period - Nathan MacKinnon wins face-off versus Mats Zuccarello in neutral zone.
4:14 of 3rd period - Shot by Nathan MacKinnon.
4:14 of 3rd period - Shot Hit the Post.
4:18 of 3rd period - Shot by Artemi Panarin.
4:18 of 3rd period - Stopped by Frederik Andersen without a rebound.
4:19 of 3rd period - Zack MacEwen wins face-off versus Jack Roslovic in Ducks zone.
4:26 of 3rd period - Shot by Claude Giroux.
4:26 of 3rd period - Shot Misses the Net.
4:38 of 3rd period - Shot by Marcus Foligno.
4:38 of 3rd period - Shot Blocked by Adam Fox.
4:47 of 3rd period - Jack Roslovic is hit by Rasmus Dahlin and loses puck.
4:51 of 3rd period - Marcus Foligno is hit by Rasmus Dahlin and loses puck.
4:54 of 3rd period - Shot by Marcus Foligno.
4:54 of 3rd period - Goal by Marcus Foligno - Ducks : 1 - Golden Knights : 2.
4:55 of 3rd period - Nathan MacKinnon wins face-off versus Phillip Danault in neutral zone.
5:55 of 3rd period - Artemi Panarin is hit by Pierre-Luc Dubois and loses puck.
6:08 of 3rd period - Icing by Adam Boqvist.
6:09 of 3rd period - Zack MacEwen wins face-off versus Nathan MacKinnon in Golden Knights zone.
6:48 of 3rd period - Shot by Claude Giroux.
6:48 of 3rd period - Shot Misses the Net.
7:07 of 3rd period - Shot by Tomas Hertl.
7:07 of 3rd period - Stopped by Frederik Andersen without a rebound.
7:08 of 3rd period - Mats Zuccarello wins face-off versus Jack Roslovic in Ducks zone.
7:08 of 3rd period - Adam Fox is hit by Marcus Foligno and loses puck.
7:51 of 3rd period - Shot by Jack Roslovic.
7:51 of 3rd period - Shot Misses the Net.
8:08 of 3rd period - Minor Penalty to Travis Hamonic for Hooking.
8:09 of 3rd period - Phillip Danault wins face-off versus Jake Evans in Golden Knights zone.
8:14 of 3rd period - Shot by Moritz Seider.
8:14 of 3rd period - Stopped by Ilya Samsonov without a rebound.
8:15 of 3rd period - Phillip Danault wins face-off versus Jake Evans in Golden Knights zone.
8:39 of 3rd period - Miro Heiskanen is hit by Adrian Kempe and loses puck.
8:44 of 3rd period - Shot by Tyson Barrie.
8:44 of 3rd period - Shot Blocked by Zach Werenski.
8:46 of 3rd period - Shot by Phillip Danault.
8:46 of 3rd period - Shot Misses the Net.
8:52 of 3rd period - Shot by Phillip Danault.
8:52 of 3rd period - Shot Misses the Net.
8:54 of 3rd period - Shot by Adrian Kempe.
8:54 of 3rd period - Shot Hit the Post.
8:56 of 3rd period - Shot by Phillip Danault.
8:56 of 3rd period - Stopped by Ilya Samsonov with a rebound.
9:14 of 3rd period - Shot by Jason Robertson.
9:14 of 3rd period - Stopped by Ilya Samsonov without a rebound.
9:15 of 3rd period - Patrick Kane wins face-off versus Derek Grant in Golden Knights zone.
9:54 of 3rd period - Shot by Rasmus Dahlin.
9:54 of 3rd period - Deflect By Patrick Kane.
9:54 of 3rd period - Stopped by Ilya Samsonov without a rebound.
9:55 of 3rd period - Jake Evans wins face-off versus Phillip Danault in Golden Knights zone.
10:30 of 3rd period - Shot by Tomas Hertl.
10:30 of 3rd period - Stopped by Frederik Andersen with a rebound.
12:17 of 3rd period - Shot by Patrick Kane.
12:17 of 3rd period - Stopped by Ilya Samsonov without a rebound.
12:18 of 3rd period - Tomas Hertl wins face-off versus Michael Amadio in Golden Knights zone.
12:20 of 3rd period - Icing by Mark Stone.
12:21 of 3rd period - Michael Amadio wins face-off versus Tomas Hertl in Golden Knights zone.
12:56 of 3rd period - Shot by Tomas Hertl.
12:56 of 3rd period - Shot Misses the Net.
13:25 of 3rd period - Minor Penalty to Jakob Chychrun for Holding.
13:26 of 3rd period - Phillip Danault wins face-off versus Derek Grant in Golden Knights zone.
13:43 of 3rd period - Shot by Moritz Seider.
13:43 of 3rd period - Shot Misses the Net.
13:53 of 3rd period - Shot by Adrian Kempe.
13:53 of 3rd period - Stopped by Ilya Samsonov without a rebound.
13:54 of 3rd period - Jake Evans wins face-off versus Patrick Kane in Golden Knights zone.
14:11 of 3rd period - Shot by Rasmus Dahlin.
14:11 of 3rd period - Shot Misses the Net.
14:13 of 3rd period - Shot by Rasmus Dahlin.
14:13 of 3rd period - Shot Misses the Net.
14:15 of 3rd period - Shot by Rasmus Dahlin.
14:15 of 3rd period - Stopped by Ilya Samsonov without a rebound.
14:16 of 3rd period - Phillip Danault wins face-off versus Derek Grant in Golden Knights zone.
15:12 of 3rd period - Icing by Michael Amadio.
15:13 of 3rd period - Patrick Kane wins face-off versus Jake Evans in Ducks zone.
15:18 of 3rd period - Jake Evans is hit by Jason Robertson and loses puck.
15:35 of 3rd period - Shot by Nathan MacKinnon.
15:35 of 3rd period - Stopped by Frederik Andersen without a rebound.
15:36 of 3rd period - Pierre-Luc Dubois wins face-off versus Marcus Foligno in Ducks zone.
16:19 of 3rd period - Shot by Pierre-Luc Dubois.
16:19 of 3rd period - Shot Blocked by Zach Werenski.
16:36 of 3rd period - Pierre-Luc Dubois is hit by Nathan MacKinnon and loses puck.
17:04 of 3rd period - Artemi Panarin is hit by Tyson Barrie and loses puck.
17:09 of 3rd period - Shot by Nathan MacKinnon.
17:09 of 3rd period - Stopped by Frederik Andersen without a rebound.
17:10 of 3rd period - Tomas Hertl wins face-off versus Phillip Danault in Ducks zone.
17:10 of 3rd period - Mark Stone is hit by Brayden McNabb and loses puck.
17:13 of 3rd period - Shot by Tomas Hertl.
17:13 of 3rd period - Stopped by Frederik Andersen without a rebound.
17:14 of 3rd period - Zack MacEwen wins face-off versus Tomas Hertl in Ducks zone.
17:25 of 3rd period - Shot by T.J. Oshie.
17:25 of 3rd period - Stopped by Frederik Andersen without a rebound.
17:26 of 3rd period - Jack Roslovic wins face-off versus Zach Hyman in Ducks zone.
17:26 of 3rd period - Jack Roslovic is hit by Moritz Seider.
17:31 of 3rd period - Minor Penalty to Marcus Foligno for Holding.
17:32 of 3rd period - Phillip Danault wins face-off versus Derek Grant in Golden Knights zone.
17:44 of 3rd period - Shot by Adrian Kempe.
17:44 of 3rd period - Stopped by Ilya Samsonov without a rebound.
17:45 of 3rd period - Jake Evans wins face-off versus Patrick Kane in Golden Knights zone.
18:06 of 3rd period - Off-side.
18:07 of 3rd period - Phillip Danault wins face-off versus Derek Grant in neutral zone.
18:07 of 3rd period - Moritz Seider is hit by Derek Grant and loses puck.
18:23 of 3rd period - Off-side.
18:24 of 3rd period - Patrick Kane wins face-off versus Jake Evans in neutral zone.
18:37 of 3rd period - Icing by Patrick Kane.
18:38 of 3rd period - Patrick Kane wins face-off versus Derek Grant in Ducks zone.
19:01 of 3rd period - Ducks, Frederik Andersen is pulled from the net.
19:09 of 3rd period - Shot by Patrick Kane.
19:09 of 3rd period - Deflect By Michael Amadio.
19:09 of 3rd period - Goal by Michael Amadio - Ducks : 2 - Golden Knights : 2.
19:09 of 3rd period - Frederik Andersen from Ducks was sent back in the game.
19:10 of 3rd period - Phillip Danault wins face-off versus Tomas Hertl in neutral zone.
19:10 of 3rd period - Phillip Danault is hit by T.J. Oshie.
19:16 of 3rd period - Shot by Phillip Danault.
19:16 of 3rd period - Shot Hit the Post.
19:24 of 3rd period - Shot by Phillip Danault.
19:24 of 3rd period - Stopped by Ilya Samsonov without a rebound.
19:25 of 3rd period - Jack Roslovic wins face-off versus Zack MacEwen in Golden Knights zone.
19:25 of 3rd period - Jack Roslovic is hit by Zack MacEwen.
Goals for this period are 1 for Ducks vs 1 for Golden Knights.
Shots for this period are 11 for Ducks vs 10 for Golden Knights.

Overtime #1


0:01 of 1st overtime period - Tomas Hertl wins face-off versus Zack MacEwen in neutral zone.
0:12 of 1st overtime period - Shot by Mark Stone.
0:12 of 1st overtime period - Stopped by Frederik Andersen with a rebound.
0:14 of 1st overtime period - Shot by Zach Werenski.
0:14 of 1st overtime period - Shot Blocked by Zack MacEwen.
0:39 of 1st overtime period - Icing by Jason Robertson.
0:40 of 1st overtime period - Nathan MacKinnon wins face-off versus Zack MacEwen in Ducks zone.
0:51 of 1st overtime period - Shot by Nathan MacKinnon.
0:51 of 1st overtime period - Stopped by Frederik Andersen without a rebound.
0:52 of 1st overtime period - Claude Giroux wins face-off versus Tomas Hertl in Ducks zone.
1:10 of 1st overtime period - Shot by Claude Giroux.
1:10 of 1st overtime period - Stopped by Ilya Samsonov without a rebound.
1:11 of 1st overtime period - Tomas Hertl wins face-off versus Zack MacEwen in Golden Knights zone.
1:32 of 1st overtime period - Shot by Tomas Hertl.
1:32 of 1st overtime period - Shot Misses the Net.
2:02 of 1st overtime period - Shot by Artemi Panarin.
2:02 of 1st overtime period - Shot Misses the Net.
2:14 of 1st overtime period - Shot by Mark Stone.
2:14 of 1st overtime period - Shot Blocked by Adam Fox.
2:28 of 1st overtime period - Shot by Artemi Panarin.
2:28 of 1st overtime period - Deflect By Mark Stone.
2:28 of 1st overtime period - Shot Misses the Net.
2:59 of 1st overtime period - Off-side.
3:00 of 1st overtime period - Tomas Hertl wins face-off versus Zack MacEwen in neutral zone.
3:21 of 1st overtime period - Shot by Tomas Hertl.
3:21 of 1st overtime period - Shot Misses the Net.
3:50 of 1st overtime period - Shot by Zach Hyman.
3:50 of 1st overtime period - Shot Misses the Net.
3:52 of 1st overtime period - Shot by Moritz Seider.
3:52 of 1st overtime period - Shot Misses the Net.
3:54 of 1st overtime period - Shot by Zach Hyman.
3:54 of 1st overtime period - Shot Blocked by Zach Werenski.
3:56 of 1st overtime period - Shot by Zach Hyman.
3:56 of 1st overtime period - Goal by Zach Hyman - Ducks : 3 - Golden Knights : 2.
Goals for this period are 1 for Ducks vs 0 for Golden Knights.
Shots for this period are 2 for Ducks vs 2 for Golden Knights.